 Dungeon Crawl Stone Soup version 0.21-a0-517-gd76cfe0 (webtiles) character file.

45 slep the Skirmisher (level 3, 0/30 HPs)
             Began as a Formicid Monk on Dec 4, 2017.
             Slain by a centaur (6 damage)
             ... on level 1 of the Dungeon.
             The game lasted 00:02:52 (860 turns).

slep the Skirmisher (Formicid Monk)                  Turns: 860, Time: 00:02:52

Health: 0/30       AC:  5    Str: 16    XL:     3   Next: 90%
Magic:  3/3        EV: 12    Int:  9    God:
Gold:   88         SH:  0    Dex: 13    Spells: 2/2 levels left

rFire    . . .     SeeInvis +   e - +0 spear (curse)
rCold    . . .     Gourm    .   (no shield)
rNeg     . . .     Faith    .   g - +0 ring mail
rPois    .         Spirit   .   (helmet unavailable)
rElec    .         Reflect  .   (no cloak)
rCorr    .         Harm     .   (no gloves)
MR       .....                  (no boots)
Stlth    +.........             (no amulet)
HPRegen  0.10/turn              (no ring)
MPRegen  0.08/turn              (no ring)

@: no status effects
A: permanent stasis, dig shafts and tunnels, four strong arms, antennae 3
a: Dig, Shaft Self


You were on level 1 of the Dungeon.
You were not hungry.

You visited 1 branch of the dungeon, and saw 2 of its levels.

You collected 88 gold pieces.

Inventory:

Hand Weapons
 a - a +0 hand axe
 e - a cursed +0 spear (weapon)
Armour
 b - a +0 robe
 g - a +0 ring mail (worn)
Scrolls
 d - a scroll of identify {unknown}
 f - a scroll of enchant armour {unknown}
 h - a scroll of magic mapping {unknown}
 i - a scroll of immolation {unknown}
 m - 3 scrolls of remove curse {unknown}
 p - a scroll of noise {unknown}
Potions
 l - a potion of curing {unknown}
 n - 2 potions of might {unknown}
Comestibles
 c - 2 bread rations
 j - a meat ration
 k - a royal jelly


   Skills:
 + Level 3.8 Fighting
 + Level 3.3(3.4) Axes
 + Level 0.9(2.3) Polearms
 + Level 0.2 Armour
 + Level 3.1 Dodging
 + Level 2.5 Stealth


You had 2 spell levels left.
You didn't know any spells.

Dungeon Overview and Level Annotations

Branches:
Dungeon (2/15)

Altars:


Innate Abilities, Weirdness & Mutations

You cannot be hasted, slowed, berserked, paralysed or teleported.
You can dig through walls and to a lower floor.
Your four strong arms can wield two-handed weapons with a shield.
You have a pair of large antennae on your head. (SInv)


Message History

The quokka bites you.
* * * LOW HITPOINT WARNING * * *
The centaur completely misses you. The frilled lizard closely misses you.
The quokka barely misses you.
The centaur hits you but does no damage.
The frilled lizard bites you but does no damage.
The quokka bites you.
* * * LOW HITPOINT WARNING * * *
The centaur hits you but does no damage.
You climb upwards.
There is a stone staircase leading down here.
You hit the centaur.
The centaur is severely wounded.
The centaur barely misses you.
The quokka bites you but does no damage.
The frilled lizard bites you but does no damage.
You hit the centaur but do no damage.
The centaur is severely wounded.
The centaur hits you.
You die...

#.......# ##########.##.##.#
####.#### #.##.##.#
###......########## #......^#
#........##.......# ####.####
#.#.##...##.......# #.#
#.#.##...##.......#######.##
#.#...............##.......#
#.#......##.).....##.####..#
#.##.##.###)..l@r.##.####..#
#.......##....c...##.##....#
####.##.##.##)######.##..#.#####
###.#......(.(.................
#.........#.#####.#####.#####.#
#.#....)..#..###...###...###...
#.............#.....#.....#....
#.#.......#....#####.......####
###.........#.....###....<....###


You could see a centaur, a quokka and a frilled lizard.

Vanquished Creatures
  A gnoll (D:1)
  An adder (D:2)
  A leopard gecko (D:1)
  A bat (D:1)
  6 goblins
  7 hobgoblins
  A frilled lizard (D:1)
  3 kobolds (D:1)
  2 rats (D:1)
23 creatures vanquished.

Vanquished Creatures (others)
  A kobold (D:2)
1 creature vanquished.

Grand Total: 24 creatures vanquished

Notes
Turn   | Place    | Note
-------+----------+-------------------------------------------
     0 | D:1      | slep the Formicid Monk began the quest for the Orb.
     0 | D:1      | Reached XP level 1. HP: 18/18 MP: 1/1
   119 | D:1      | Reached XP level 2. HP: 21/24 MP: 2/2
   401 | D:1      | Reached XP level 3. HP: 8/30 MP: 3/3
   660 | D:2      | Noticed a centaur
   860 | D:1      | Slain by a centaur

Vault maps used:
D:1:      onia_arrival_pyramid
D:2:      serial_corexii_hall, corexii_hall_statues_l, corexii_hall_statues_l,
          corexii_hall_statues_i, corexii_hall_statues_x, first_bread,
          chequers_ecumenical_altar_simple_redux, grunt_decor_clamped

Skill      XL: |  1  2  3 |
---------------+----------+-----
Dodging        | 3 |  3.1
Fighting       | |  3.8
Axes           | |  3.3
Polearms       | |  0.9
Armour         | |  0.2
Stealth        | |  2.5

Action                   || total
-------------------------++-------
Melee: Spear             ||   105
 Stab: Sleeping          ||     1
Armor: Robe              ||     1
       Ring mail         ||    54
Dodge: Dodged            ||    96

Table legend:
 A = Spawn XP
 B = Non-spawn XP
 C = Spawn XP percentage of total XP
 D = Spawn monster count
 E = Non-spawn monster count
 F = Spawn count percentage of total count
 G = Total turns spent on level
                    A         B        C        D         E        F      G
               +---------+---------+-------+---------+---------+-------+---------
         Total |       0 |      65 |   0.0 |       0 |      23 |   0.0 |   860
               +---------+---------+-------+---------+---------+-------+---------
           D:1 |       0 |      47 |   0.0 |       0 |      19 |   0.0 |   823
           D:2 |       0 |      18 |   0.0 |       0 |       4 |   0.0 |    37
               +---------+---------+-------+---------+---------+-------+---------
